 Dungeon Crawl Stone Soup version 0.32-a0-141-g04fe69798e (webtiles) character file.

Game seed: 10111376256206945102

852 Kenran the Skirmisher (level 7, -5/33 HPs)
             Began as a Spriggan Hunter on Feb 11, 2024.
             Shot with an arrow by a centaur (10 damage)
             ... on level 5 of the Dungeon.
             The game lasted 00:07:54 (3503 turns).

Kenran the Skirmisher (Spriggan Hunter)             Turns: 3503, Time: 00:07:55

Health: -5/33      AC:  3    Str:  7    XL:     7   Next: 69%
Magic:  8/8        EV: 18    Int: 10    God:
Gold:   165        SH:  0    Dex: 21    Spells: 6/6 levels left

rFire   . . .        a - +0 shortbow
rCold   . . .        (shield currently unavailable)
rNeg    . . .        c - +0 robe
rPois   .            (helmet restricted)
rElec   .            g - +0 cloak
rCorr   .            (gloves unavailable)
SInv    +            (boots unavailable)
Will    +....        n - amulet of regeneration
Stlth   +            (no ring)
HPRegen 0.25/turn    (no ring)
MPRegen 0.11/turn

%: no passive effects
@: confused, ambrosia-drunk, invisible, very quick
A: very small, no large weapons, unfitting armour, see invisible, speed 3
a: no special abilities


You were on level 5 of the Dungeon.
You visited 1 branch of the dungeon, and saw 5 of its levels.

You collected 165 gold pieces.

Inventory:

Hand Weapons
 a - a +0 shortbow (weapon)
Armour
 c - a +0 robe (worn)
 g - a +0 cloak (worn)
Jewellery
 n - an amulet of regeneration (around neck)
 t - an amulet of reflection
Scrolls
 b - a scroll of butterflies
 i - a scroll of blinking
 m - a scroll of enchant weapon
 o - 2 scrolls of poison {!r}
 q - 2 scrolls of revelation
 r - a scroll of identify {@r1}
Potions
 d - a potion of ambrosia
 e - 2 potions of curing {unknown}
 f - a potion of invisibility
 h - 3 potions of mutation {unknown}
 j - 2 potions of might {unknown}
 k - 2 potions of berserk rage {unknown}
 l - a potion of lignification {unknown}
 p - a potion of degeneration {unknown}
 s - a potion of heal wounds {unknown}


   Skills:
 - Level 1.5 Fighting
 + Level 9.7 Ranged Weapons
 - Level 2.6 Dodging
 - Level 1.5 Stealth


You had 6 spell levels left.
You didn't know any spells.
Your spell library contained the following spells:

 Spells                   Type           Power      Damage    Failure   Level
 Cigotuvi's Dreadful Rot  Necr/Alch/Air  0%         N/A       50%         2
 Ignite Poison            Fire/Alch      0%         N/A       98%         4
 Freezing Cloud           Conj/Ice/Air   0%         6-21      100%        5


Dungeon Overview and Level Annotations

Branches:
Dungeon (5/15)
 Temple: D:4-7

Altars:

Shops:
D:2 (

Annotations:
D:5 Dowan, Duvessa


Innate Abilities, Weirdness & Mutations

You are very small and have problems with some larger weapons.
You are too small for most types of armour.
You have supernaturally acute eyesight. (SInv)
You cover ground extremely quickly. (Speed+++)


Message History

You are splashed with acid!
Dowan gestures wildly while chanting.
Dowan blinks!
Dowan says, "Magic and the sword, together, will defeat you."
Dowan is nearby!
Okay, then.
A centaur comes into view.
Okay, then.
Okay, then.
Okay, then.
The air fills with toxic fumes!
As you read the scroll of poison {!r}, it crumbles to dust.
Fire: a) +0 shortbow
Press: ? - help, Q - select action Shift-Dir - straight line, f - Dowan
Aim: Dowan, wielding a +1 dagger of venom and wearing a +0 robe (57% to hit)
You shoot an arrow. The arrow hits Dowan.
Dowan is lightly wounded.
Fire: a) +0 shortbow
Press: ? - help, Q - select action Shift-Dir - straight line, f/p - Dowan
Aim: Dowan, wielding a +1 dagger of venom and wearing a +0 robe (lightly wounded, 57% to hit)
You shoot an arrow. The arrow hits Dowan!
Dowan is heavily wounded.
The centaur shouts!
The centaur wields a +0 shortbow.
The centaur shoots an arrow.
The arrow hits you.
The centaur shoots an arrow.
The arrow hits you!
* * * LOW HITPOINT WARNING * * *
You fade into invisibility!
The centaur shoots an arrow.
The arrow completely misses you.
You are confused.
You feel invigorated.
You are no longer corroded.
The centaur shoots an arrow.
The arrow hits you!
* * * LOW HITPOINT WARNING * * *
The centaur shoots an arrow.
The arrow barely misses you.
Non-targeted confused fire: a) +0 shortbow
Press: ? - help, Q - select action Dir - look around, f - activate Look: Dowan, wielding a +1 dagger of venom and wearing a +0 robe (heavily wounded, unable to see you)
You shoot an arrow. The centaur shoots an arrow.
The arrow hits you!
You die...

#. .
c#§
§§§
§§#
#§#
#§#
#§#
#§#
#@#
#§#
#§#
#§#
#§#
#§#
#e#
#J#
###.#


You could see Dowan (unable to see you), a centaur (unable to see you) and a
jelly.

Vanquished Creatures
  Sigmund (D:3)
  A scorpion (D:4)
  A hound (D:4)
  A bombardier beetle (D:4)
  A jelly (D:4)
  2 orc priests
  Crazy Yiuf (D:3)
  2 sleepcaps (D:4)
  Jessica (D:3)
  An iguana (D:4)
  An orc wizard (D:1)
  Robin (D:3)
  9 gnolls
  10 adders
  A white imp (D:4)
  4 ribbon worms
  A dart slug (D:3)
  12 orcs
  5 bats
  4 endoplasms
  4 giant cockroaches
  14 goblins
  10 hobgoblins
  13 jackals
  10 kobolds
  5 quokkas
  7 ball pythons
  4 frilled lizards
  6 rats
133 creatures vanquished.

Notes
Turn   | Place    | Note
-------+----------+-------------------------------------------
     0 | D:1      | Kenran the Spriggan Hunter began the quest for the Orb.
     0 | D:1      | Reached XP level 1. HP: 10/10 MP: 2/2
   114 | D:1      | Reached XP level 2. HP: 13/14 MP: 3/3
   645 | D:1      | Reached skill level 5 in Ranged Weapons
   651 | D:1      | Reached XP level 3. HP: 18/18 MP: 4/4
  1183 | D:2      | Reached XP level 4. HP: 22/22 MP: 5/5
  1379 | D:1      | Reached skill level 6 in Ranged Weapons
  1462 | D:2      | Found Doin's Weapon Boutique.
  1616 | D:3      | Noticed Sigmund
  1648 | D:3      | Killed Sigmund
  1649 | D:3      | Reached skill level 7 in Ranged Weapons
  1649 | D:3      | Reached XP level 5. HP: 19/25 MP: 6/6
  1649 | D:3      | Reached XP level 6. HP: 23/30 MP: 7/7
  1844 | D:3      | Noticed Robin
  1876 | D:3      | Killed Robin
  1956 | D:3      | Reached skill level 8 in Ranged Weapons
  1991 | D:3      | Noticed Jessica
  1994 | D:3      | Killed Jessica
  2141 | D:3      | Found a runed translucent door.
  2142 | D:3      | Noticed Crazy Yiuf
  2188 | D:3      | Found a faded altar of an unknown god.
  2311 | D:3      | Identified the +0 ring mail "Unuecvid" {rPois Str+5 Dex+3
                  | Stlth-}
  2381 | D:3      | Killed Crazy Yiuf
  2480 | D:4      | Reached XP level 7. HP: 29/33 MP: 8/8
  2776 | D:4      | Reached skill level 9 in Ranged Weapons
  3451 | D:5      | Entered Level 5 of the Dungeon
  3451 | D:5      | Noticed Duvessa
  3453 | D:5      | Noticed Dowan
  3503 | D:5      | Shot with an arrow by a centaur

Illustrated notes

Levels and vault maps discovered:
D:1:      dpeg_arrival_renting, layout_basic
D:2:      layout_loops_ring, serial_shops, nicolae_shop_bloodbath_and_beyond,
          kennysheep_generic_room_9
D:3:      layout_basic, shapermc_ecumenical_altar_petra, uniq_jessica,
          uniq_sigmund, uniq_robin, uniq_crazy_yiuf_cottage
D:4:      minmay_razor_zed, layout_basic
D:5:      layout_rooms, minmay_temple_entry_tees, corexii_shack,
          serial_bayou_pond_d, uniq_duvessa

Skill      XL: |  1  2  3  4  5  6  7 |
---------------+----------------------+-----
Ranged Weapons | 5 7 8 9 |  9.7
Fighting       | |  1.5
Dodging        | |  2.6
Stealth        | |  1.5

Action                     |  1- 3 |  4- 6 |  7- 9 || total
---------------------------+-------+-------+-------++-------
  Melee: Shortbow          |       |     1 |       ||     1
   Fire: Shortbow          |   122 |   235 |   109 ||   466
    Use: Scroll            |     1 |     3 |     2 ||     6
         Potion            |       |     1 |     2 ||     3
 Armour: Robe              |    11 |    24 |    19 ||    54
  Dodge: Dodged            |    47 |    78 |    26 ||   151

Table legend: (Time is in decaauts)
 A = Elapsed time spent in this place.
 B = Non-inter-level travel time spent in this place.
 C = Inter-level travel time spent in this place.
 D = Time resting spent in this place.
 E = Time spent auto-exploring this place.
 F = Levels seen in this place.
 G = Mean time per level.
                   A        B        C        D        E       F      G
               +--------+--------+--------+--------+--------+-----+--------+
         Total |   2464 |   2401 |     63 |    245 |   1327 |   5 |  492.8 |
       Dungeon |   2464 |   2401 |     63 |    245 |   1327 |   5 |  492.8 |
               +--------+--------+--------+--------+--------+-----+--------+

Top non-repeatable levels by time:
     D:4: 687 daAuts
     D:1: 644 daAuts
     D:3: 596 daAuts
     D:2: 498 daAuts
     D:5: 37 daAuts
